 Dungeon Crawl Stone Soup version 0.30.1-11-g7821555f0a (webtiles) character file.

Game seed: 14525111348332044869

77 wingedge the Digger (level 3, 0/26 HPs)
             Began as a Demigod Earth Elementalist on Jan 12, 2024.
             Killed from afar by a steam dragon (26 damage)
             ... with a ball of steam
             ... on level 5 of the Dungeon.
             The game lasted 00:06:10 (2513 turns).

wingedge the Digger (Demigod Earth Elementalist)    Turns: 2513, Time: 00:06:10

Health: 0/26       AC:  3    Str:  9    XL:     3   Next: 91%
Magic:  8/8        EV: 12    Int: 21    God:
Gold:   228        SH:  0    Dex: 14    Spells: 2/6 levels left

rFire   . . .        h - +0 trident
rCold   . . .        (no shield)
rNeg    . . .        a - +1 robe
rPois   .            (no helmet)
rElec   .            (no cloak)
rCorr   .            (no gloves)
SInv    .            (no boots)
Will    .....        (no amulet)
Stlth   ++           (no ring)
HPRegen 0.24/turn    (no ring)
MPRegen 0.11/turn

%: no passive effects
@: marked
A: high MP 1, forlorn, divine attributes
a: no special abilities


You were on level 5 of the Dungeon.
You visited 1 branch of the dungeon, and saw 4 of its levels.

You collected 228 gold pieces.

Inventory:

Hand Weapons
 c - a +0 club
 f - a +0 dagger
 h - a +0 trident (weapon)
Missiles
 k - 6 poisoned darts
Armour
 a - a +1 robe (worn)
Scrolls
 d - a scroll of teleportation
 g - a scroll of enchant armour
 j - a scroll of identify {unknown}
 l - a scroll of noise {unknown}
 m - a scroll of immolation {unknown}
 n - 4 scrolls of magic mapping {unknown}
 o - a scroll of torment {unknown}
 q - a scroll of poison {unknown}
Potions
 b - a potion of magic
 e - a potion of degeneration {unknown}
 i - a potion of heal wounds
 p - a potion of might {unknown}


   Skills:
 - Level 1.7 Dodging
 - Level 1.7 Stealth
 - Level 2.0 Spellcasting
 + Level 2.2 Conjurations
 - Level 0.8 Transmutations
 + Level 3.7 Earth Magic


You had 2 spell levels left.
You knew the following spells:

 Your Spells              Type           Power      Damage    Failure   Level
a - Sandblast             Erth           34%        2d9       3%          1
b - Stone Arrow           Conj/Erth      28%        3d8       13%         3

Your spell library contained the following spells:

 Spells                   Type           Power      Damage    Failure   Level
 Passwall                 Tmut/Erth      9%         N/A       9%          2
 Cigotuvi's Dreadful Rot  Necr/Pois/Air  4%         N/A       22%         2
 Dazzling Flash           Conj/Hex       12%        N/A       28%         3
 Ignite Poison            Fire/Tmut/Pois 3%         N/A       36%         3
 Volatile Blastmotes      Fire/Tloc      4%         2d10      41%         3
 Petrify                  Tmut/Erth      11%        N/A       50%         4
 Iskenderun's Mystic Bla  Conj/Tloc      6%         2d4       67%         4
 Freezing Cloud           Conj/Ice/Air   2%         6-21      97%         5
 Starburst                Conj/Fire      3%         6d3       100%        6


Dungeon Overview and Level Annotations

Branches:
Dungeon (3/15)

Shops:
D:1 (   D:2 [


Innate Abilities, Weirdness & Mutations

You have an increased reservoir of magic. (+10% MP)
You shall have no god before yourself.
Your divine heritage dramatically boosts your attributes as you level up.


Message History

Confirm with . or Enter, or press ? or * to list all spells.
Aiming: Sandblast (safe; 3% risk of failure)
Press: ? - help, Shift-Dir - straight line, f - orc
Aim: an orc, wielding a +0 flail, wearing a +0 leather armour and quivering boomerangs (asleep, 100% to hit)
The blast of sand hits the orc.
The orc is heavily wounded.
The orc shouts!
The orc throws a boomerang.
The boomerang barely misses you.
Casting: Sandblast (safe; 3% risk of failure)
Confirm with . or Enter, or press ? or * to list all spells.
Aiming: Sandblast (safe; 3% risk of failure)
Press: ? - help, Shift-Dir - straight line, f/p - orc
Aim: an orc, wielding a +0 flail, wearing a +0 leather armour and quivering boomerangs (heavily wounded, 82% to hit)
The blast of sand hits the orc!
You kill the orc!
You start resting.
Magic restored.
Items here: ( ) [ †.
You now have 228 gold pieces (gained 9).
Press: ? - help, v - describe, . - travel, g - get item Item here: a book of Spectacle.
The floor.
Okay, then.
q - a scroll labelled XUSA MANUDE A sourceless malevolence fills the Dungeon...
With a horrendous wail, an alarm goes off!
A sentinel's mark forms upon you.
You hear a shout!
You hear an angry hiss. x2
As you read the scroll labelled BEV XUPSA XANT, it crumbles to dust.
You feel strangely unstable.
It was a scroll of teleportation.
As you read the scroll labelled OREQAB BEYTZ, it crumbles to dust.
It is a scroll of enchant armour.
Your +0 robe glows green for a moment.
Your surroundings suddenly seem different.
A steam dragon comes into view.
Found a book of Blasting.
Found a stone staircase leading down.
The steam dragon breathes steam at you. The ball of steam hits you!!
Ouch! That really hurt!
You die...

+###### ......#
......# .....
...
.#######.######
.D...§§@......>
.#..........##.
#..........#
#..........#
#..........#
#.......:....
##.....######.
#######


There were no monsters in sight!

Vanquished Creatures
  3 adders (D:2)
  4 worms
  2 dart slugs
  3 orcs
  A bat (D:1)
  2 endoplasms
  4 goblins
  2 hobgoblins
  3 quokkas
  3 ball pythons
  3 kobolds
  2 rats
32 creatures vanquished.

Notes
Turn   | Place    | Note
-------+----------+-------------------------------------------
     0 | D:1      | wingedge the Demigod Earth Elementalist began the quest for
                  | the Orb.
     0 | D:1      | Reached XP level 1. HP: 14/14 MP: 5/5
   172 | D:1      | Found Wimageum's Weapon Boutique.
   466 | D:1      | Reached skill level 3 in Earth Magic
   466 | D:1      | Reached XP level 2. HP: 20/20 MP: 4/7
   998 | D:2      | Reached skill level 1 in Conjurations
  1017 | D:2      | Found Lipiel's Antique Armour Boutique.
  1439 | D:2      | Reached XP level 3. HP: 19/26 MP: 5/8
  1488 | D:2      | Learned a level 3 spell: Stone Arrow
  2234 | D:3      | You fall into a shaft and drop 2 floors!
  2234 | D:5      | Entered Level 5 of the Dungeon
  2513 | D:5      | Noticed a steam dragon
  2513 | D:5      | Killed from afar by a steam dragon

Illustrated notes

Levels and vault maps discovered:
D:1:      dpeg_arrival_water_fire, layout_rooms,
          shapermc_ecumenical_altar_pompeii, serial_shops, shop,
          serial_bayou_ford_a, amcnicky_mini_pool_small, minmay_unequal
D:2:      layout_loops_ring, serial_shops, shop, basic_altar,
          nicolae_figureground_sparkle
D:3:      layout_loops_ring, nemelex_dance_club_becter,
          mainiacjoe_overflow_boulevard
D:5:      layout_basic

Skill      XL: |  1  2  3 |
---------------+----------+-----
Spellcasting   | 2 |  2.0
Earth Magic    | 3 |  3.7
Conjurations   | 1 2 |  2.2
Dodging        | |  1.7
Stealth        | |  1.7
Transmutations | |  0.8

Action                     || total
---------------------------++-------
   Cast: Sandblast         ||    53
         Stone Arrow       ||     1
    Use: Scroll            ||     2
  Dodge: Dodged            ||     7
